 Dungeon Crawl Stone Soup version 0.24.0-2-g5b39cebb1c (webtiles) character file.

Game seed: 6424090273355986635, levelgen mode: deterministic

60 Elvalys the Sneak (level 3, 0/18 HPs)
             Began as a Spriggan Assassin on Oct 30, 2019.
             Succumbed to an adder's poison
             ... on level 2 of the Dungeon.
             The game lasted 00:04:37 (1485 turns).

Elvalys the Sneak (Spriggan Assassin)               Turns: 1485, Time: 00:04:38

Health: 0/18       AC:  3    Str:  7    XL:     3   Next: 80%
Magic:  4/4        EV: 18    Int: 18    God:
Gold:   53         SH:  0    Dex: 17    Spells: 2/2 levels left

rFire    . . .     SeeInvis +   a - +2 dagger
rCold    . . .     Gourm    .   (shield restricted)
rNeg     . . .     Faith    .   b - +0 robe
rPois    .         Spirit   .   (helmet restricted)
rElec    .         Reflect  .   c - +0 cloak
rCorr    .         Harm     .   (gloves unavailable)
MR       .....                  (boots unavailable)
Stlth    ++++......             k - amulet of inaccuracy (curse)
HPRegen  0.06/turn              (no ring)
MPRegen  0.09/turn              (no ring)

@: brilliant, lethally poisoned (0 -> -7), flying, very quick
A: very small, unfitting armour, see invisible, herbivore, speed 3, slow
metabolism 2
a: no special abilities


You were on level 2 of the Dungeon.
You were not hungry.

You visited 1 branch of the dungeon, and saw 2 of its levels.

You collected 53 gold pieces.

Inventory:

Hand Weapons
 a - a +2 dagger (weapon)
 i - a +0 club
Missiles
 d - 25 poisoned darts (quivered)
 e - 2 curare-tipped darts
 p - 28 arrows
 r - 12 sling bullets
Armour
 b - a +0 robe (worn)
 c - a +0 cloak (worn)
Jewellery
 k - a cursed amulet of inaccuracy (around neck)
Scrolls
 h - 4 scrolls of remove curse {unknown}
 l - a scroll of identify {unknown}
 n - a scroll of enchant weapon {unknown}
 q - a scroll of blinking {unknown}
Potions
 g - a potion of brilliance
 j - a potion of resistance {unknown}
 m - a potion of flight
 o - a potion of heal wounds {unknown}
Comestibles
 f - 2 rations


   Skills:
 * Level 1.9 Fighting
 * Level 3.0 Short Blades
 - Level 2.0 Throwing
 * Level 2.7 Dodging
 + Level 6.9 Stealth


You had 2 spell levels left.
You didn't know any spells.
Your spell library was empty.

Dungeon Overview and Level Annotations

Branches:
Dungeon (2/15)

Altars:
Vehumet
Yredelemnul


Innate Abilities, Weirdness & Mutations

You are very small and have problems with some larger weapons.
You are too small for most types of armour.
You have supernaturally acute eyesight. (SInv)
You are a herbivore.
You cover ground extremely quickly.
You need to consume almost no food.


Message History

The adder is severely wounded.
The adder misses you.
You hit the adder.
You kill the adder!
Your Short Blades skill increases to level 3!
* * * LOW HITPOINT WARNING * * *
You feel sick.
You hit the rat but do no damage. The rat misses you.
You closely miss the rat. The rat bites you.
* * * LOW HITPOINT WARNING * * *
You completely miss the rat.
* * * LOW HITPOINT WARNING * * *
You feel sick. The rat barely misses you.
It was a potion of brilliance.
You feel clever all of a sudden. The rat completely misses you.
It was a potion of flight.
You feel very buoyant.
You fly up into the air.
You die...

#............#
####+#.......#
#.#'###.# ## #[#.# #.#
.. ..#.# #.#
####.#######.###.######
#.....)...............#
##.#.#######.####.....#
# #...@r.)...#
######..).<# #.....#
####'## .# .# #


You could see a rat.

Vanquished Creatures
  An adder (D:2)
  2 oozes (D:1)
  A dart slug (D:1)
  A leopard gecko (D:1)
  5 bats
  2 giant cockroaches
  2 goblins
  10 hobgoblins
  6 kobolds
  5 rats
35 creatures vanquished.

Vanquished Creatures (others)
  A ghoul (D:1)
  An octopode (D:1)
  A gargoyle (D:1)
  2 vine stalkers (D:1)
  2 trolls (D:1)
  A human (D:1)
  2 vampires (D:1)
  A naga (D:1)
  A dwarf (D:1)
  A mummy (D:1)
  2 kobolds (D:1)
  18 tentacles (D:1)
33 creatures vanquished.

Grand Total: 68 creatures vanquished

Notes
Turn   | Place    | Note
-------+----------+-------------------------------------------
     0 | D:1      | Elvalys the Spriggan Assassin began the quest for the Orb.
     0 | D:1      | Reached XP level 1. HP: 10/10 MP: 2/2
     2 | D:1      | Noticed a gargoyle
     2 | D:1      | Noticed a human
     2 | D:1      | Noticed a vine stalker
     2 | D:1      | Noticed a dwarf
     2 | D:1      | Noticed a vampire
     2 | D:1      | Noticed a kraken
     2 | D:1      | Noticed a naga
     2 | D:1      | Noticed a troll
     2 | D:1      | Noticed a ghoul
     2 | D:1      | Noticed a vine stalker
     2 | D:1      | Noticed an octopode
     2 | D:1      | Noticed a troll
     2 | D:1      | Noticed a vampire
     9 | D:1      | Killed an octopode
    17 | D:1      | Reached skill level 6 in Stealth
    20 | D:1      | Killed a vampire
    24 | D:1      | Killed a gargoyle
    26 | D:1      | Reached XP level 2. HP: 15/15 MP: 3/3
    30 | D:1      | Killed a dwarf
    31 | D:1      | Killed a naga
    34 | D:1      | Killed a vampire
    36 | D:1      | Killed a human
    38 | D:1      | Killed a ghoul
    39 | D:1      | Killed a vine stalker
    40 | D:1      | Killed a troll
    42 | D:1      | Killed a troll
    42 | D:1      | Killed a vine stalker
   629 | D:1      | Reached XP level 3. HP: 13/18 MP: 4/4
  1126 | D:2      | Found a basalt altar of Yredelemnul.
  1163 | D:2      | Found a radiant altar of Vehumet.
  1485 | D:2      | Succumbed to an adder's poison

Levels and vault maps discovered:
D:1:      nicolae_arrival_kraken_aquarium_b, layout_loops_ring
D:2:      layout_basic, old_standard_altar, yredelemnul_altar_generic,
          vehumet_crystals

Skill      XL: |  1  2  3 |
---------------+----------+-----
Stealth        | 6 |  6.9
Dodging        | 2 |  2.7
Short Blades   | 3 |  3.0
Fighting       | |  1.9
Throwing       | |  2.0

Action                   || total
-------------------------++-------
Melee: Dagger            ||   140
  Use: Potion            ||     2
 Stab: Sleeping          ||    14
Armor: Robe              ||    20
Dodge: Dodged            ||    81
